 Dungeon Crawl Stone Soup version 0.32-a0-450-g080537f31e (webtiles) character file.

Game seed: 5872574367354663615

511 Turgor the Firebug (level 7, -5/46 HPs)
             Began as a Formicid Fire Elementalist on Feb 23, 2024.
             Was an Initiate of Hepliaklqana.
             Slain by a hornet (10 damage)
             ... on level 5 of the Dungeon.
             The game lasted 00:23:09 (4423 turns).

Turgor the Firebug (Formicid Fire Elementalist)     Turns: 4423, Time: 00:23:10

Health: -5/46      AC:  3    Str: 12    XL:     7   Next: 43%
Magic:  7/12       EV: 12    Int: 17    God:    Hepliaklqana [......]
Gold:   174        SH:  0    Dex: 20    Spells: 0/13 levels left

rFire   . . .        s - +2 dagger (flame)
rCold   . . .        (no shield)
rNeg    . . .        a - +0 robe
rPois   .            (helmet unavailable)
rElec   .            e - +0 cloak
rCorr   +            (no gloves)
SInv    +            (no boots)
Will    .....        m - amulet of magic regeneration
Stlth   ++           g - +6 ring of dexterity
HPRegen 0.27/turn    p - ring of resist corrosion
MPRegen 0.53/turn

%: no passive effects
@: lethally poisoned (-5 -> -18)
A: permanent stasis, dig shafts and tunnels, antennae 3, four strong arms
a: Dig, Shaft Self, Renounce Religion


You were on level 5 of the Dungeon.
You worshipped Hepliaklqana.
Hepliaklqana was noncommittal.
You visited 2 branches of the dungeon, and saw 6 of its levels.

You collected 174 gold pieces.

Inventory:

Hand Weapons
 s - a +2 dagger of flaming (weapon)
 v - a +0 dagger of speed
Missiles
 r - 13 stones
 x - 5 poisoned darts (quivered)
 y - 4 atropa-tipped darts
Armour
 a - a +0 robe (worn)
 e - a +0 cloak (worn)
 f - a +0 buckler
Magical Staves
 u - a staff of cold
Jewellery
 g - a +6 ring of dexterity (left hand)
 m - an amulet of magic regeneration (around neck)
 p - a ring of resist corrosion (right hand)
 q - a +6 ring of strength
Talismans
 d - a beast talisman
 h - a flux talisman
Scrolls
 k - a scroll of enchant weapon {unknown}
 t - a scroll of fear {unknown}
 w - a scroll of revelation
 z - a scroll of enchant armour {unknown}
 A - a scroll of poison {unknown}
Potions
 b - a potion of magic
 c - 3 potions of attraction
 i - a potion of brilliance
 j - 2 potions of lignification
 l - 2 potions of heal wounds {unknown}
 n - a potion of curing {unknown}
 o - a potion of ambrosia {unknown}


   Skills:
 - Level 1.7 Dodging
 - Level 2.4 Stealth
 + Level 3.7 Spellcasting
 + Level 3.3 Conjurations
 + Level 2.3 Hexes
 + Level 1.6 Translocations
 * Level 5.4 Fire Magic


You couldn't memorise any spells.
You knew the following spells:

 Your Spells              Type           Power      Damage    Failure   Level
a - Foxfire               Conj/Fire      72%        2x1d7     2%          1
b - Scorch                Fire           42%        2d6       2%          2
c - Inner Flame           Hex/Fire       16%        N/A       10%         3
d - Volatile Blastmotes   Fire/Tloc      30%        2d12      12%         3
e - Flame Wave            Conj/Fire      18%        2d7       26%         4

Your spell library contained the following spells:

 Spells                   Type           Power      Damage    Failure   Level
 Momentum Strike          Conj/Tloc      22%        3d8       9%          2
 Lesser Beckoning         Tloc           16%        N/A       12%         2
 Ensorcelled Hibernation  Hex/Ice        14%        N/A       16%         2
 Fugue of the Fallen      Necr           3%         N/A       43%         3
 Anguish                  Hex/Necr       3%         N/A       69%         4
 Blink                    Tloc           Unusable   N/A       N/A         2

Dungeon Overview and Level Annotations

Branches:
Dungeon (5/15)             Temple (1/1) D:4

Altars:
Ashenzari
Elyvilon
Gozag
Hepliaklqana
Kikubaaqudgha
Makhleb
Nemelex Xobeh
Okawaru
Qazlal
Ru
Sif Muna
Uskayaw
Wu Jian
Yredelemnul
Zin
The Shining One


Innate Abilities, Weirdness & Mutations

You cannot be hasted, slowed, berserked, paralysed or teleported.
You can dig through walls and to a lower floor.
You have a pair of large antennae on your head. (SInv)
Your four strong arms can wield two-handed weapons with a shield.


Message History

The foxfire hits the hornet.
The hornet is burned terribly!
The hornet is severely wounded.
The hornet stings you!
You are poisoned.
Your stasis prevents you from being paralysed.
The hornet stings you.
Your stasis prevents you from being slowed.
Unknown command.
Casting: Foxfire (safe; 2% risk of failure)
Confirm with . or Enter, or press ? or * to list all spells.
Flames lash the hornet but do no damage.
You feel very sick.
The foxfire hits the hornet.
The hornet is severely wounded.
The foxfire hits the hornet but does no damage.
The hornet is severely wounded.
The hornet misses you.
Unknown command.
Unknown command.
Casting: Scorch (safe; 2% risk of failure)
Confirm with . or Enter, or press ? or * to list all spells.
You conjure some foxfire!
You feel very sick.
The hornet is no longer more vulnerable to fire.
The hornet closely misses you. The hornet stings you!
* * * LOW HITPOINT WARNING * * *
You are lethally poisoned!
Your stasis prevents you from being slowed.
Unknown command.
You miss the hornet.
The hornet is severely wounded.
* * * LOW HITPOINT WARNING * * *
You feel very sick.
The foxfire hits the hornet but does no damage.
The hornet is severely wounded.
The foxfire hits the hornet but does no damage.
The hornet is severely wounded.
The hornet stings you!
You die...
Hepliaklqana delivers you to your ancestors.

#...# #...###### ##. .(.
#........# #.. ..
##..†####.# #.. #.# ..
..........# #.. ..# ...
..........# #.. .. ....
..........# #(.#.##....
##...####.####..y......?
#..........##..@....#
#...#.##.#.##.#.§##.#
#...#.##.#.##.#..# .#
###.##.##.........##.# #
.......####.##.#.#......
.##....##........#.#.###
.##....)....##.......#
.##....)#.#####.....##
........)....##.#...#


You could see a hornet.

Vanquished Creatures
  A bullfrog (D:5)
  A scorpion (D:5)
  2 hounds
  A jelly (D:5)
  An iguana (D:4)
  Terence (D:3)
  Natasha (thrice) (D:3)
  An orc wizard (D:3)
  3 gnolls (D:3)
  An adder (D:2)
  3 dart slugs
  16 orcs
  5 ball pythons
  7 endoplasms
  3 giant cockroaches
  6 goblins
  12 hobgoblins
  3 jackals (D:1)
  2 quokkas
  6 bats
  3 frilled lizards
  5 kobolds
  5 rats
91 creatures vanquished.

Vanquished Creatures (collateral kills)
  3 foxfires (D:3)
3 creatures vanquished.

Vanquished Creatures (others)
  319 foxfires
319 creatures vanquished.

Grand Total: 413 creatures vanquished

Notes
Turn   | Place    | Note
-------+----------+-------------------------------------------
     0 | D:1      | Turgor the Formicid Fire Elementalist began the quest for
                  | the Orb.
     0 | D:1      | Reached XP level 1. HP: 13/13 MP: 3/3
    21 | D:1      | Reached skill level 1 in Conjurations
    66 | D:1      | Reached XP level 2. HP: 19/19 MP: 0/5
   592 | D:1      | Reached XP level 3. HP: 24/24 MP: 1/6
  1177 | D:2      | Found a faded altar of an unknown god.
  1303 | D:2      | Reached XP level 4. HP: 30/30 MP: 4/7
  2062 | D:3      | Found a stormy altar of Qazlal.
  2072 | D:3      | Noticed Terence
  2246 | D:3      | Killed Terence
  2247 | D:3      | Reached skill level 4 in Fire Magic
  2339 | D:3      | Noticed Natasha
  2416 | D:3      | Killed Natasha
  2417 | D:3      | Reached XP level 5. HP: 32/35 MP: 0/9
  2548 | D:3      | Learned a level 2 spell: Scorch
  2552 | D:3      | Learned a level 3 spell: Inner Flame
  2556 | D:3      | Learned a level 3 spell: Volatile Blastmotes
  2630 | D:3      | Noticed Natasha
  2637 | D:3      | Killed Natasha
  3152 | D:3      | Reached XP level 6. HP: 41/41 MP: 7/10
  3178 | D:3      | Reached skill level 1 in Hexes
  3274 | D:3      | Noticed Natasha
  3277 | D:3      | Killed Natasha
  3511 | D:3      | Reached skill level 1 in Translocations
  3642 | D:4      | Found a basalt altar of Yredelemnul.
  3642 | D:4      | Found an opulent altar of Gozag.
  3653 | D:4      | Found a staircase to the Ecumenical Temple.
  3659 | Temple   | Entered the Ecumenical Temple
  3675 | Temple   | Became a worshipper of Hepliaklqana the Forgotten
  3947 | D:4      | Found a sacrificial altar of Ru.
  4106 | D:5      | Entered Level 5 of the Dungeon
  4132 | D:5      | Reached skill level 5 in Fire Magic
  4132 | D:5      | Reached XP level 7. HP: 46/46 MP: 9/12
  4140 | D:5      | Learned a level 4 spell: Flame Wave
  4413 | D:5      | Noticed a hornet
  4423 | D:5      | Slain by a hornet

Illustrated notes

Levels and vault maps discovered:
D:1:      amcnicky_arrival_underground_garden, layout_loops_ring
D:2:      layout_basic, dreamdust_ecumenical_altar_hidden_monk_grotto
D:3:      layout_basic, mainiacjoe_overflow_boulevard, uniq_natasha,
          uniq_terence
D:4:      layout_rooms, mainiacjoe_overflow_alcove_4,
          gammafunk_temple_overflow_wave, minmay_temple_entry_ruins
D:5:      layout_loops_cross
Temple:   hc_temple_tempest_star

Skill      XL: |  1  2  3  4  5  6  7 |
---------------+----------------------+-----
Conjurations   | 1 2 3 |  3.3
Fire Magic     | 4 5 |  5.4
Spellcasting   | 3 |  3.7
Hexes          | 1 2 |  2.3
Translocations | 1 |  1.6
Dodging        | |  1.7
Stealth        | |  2.4

Action                     |  1- 3 |  4- 6 |  7- 9 || total
---------------------------+-------+-------+-------++-------
  Melee: Unarmed           |    16 |       |       ||    16
         Short sword       |    15 |     7 |       ||    22
         Dagger            |       |    12 |     5 ||    17
  Throw: Stone             |       |     1 |       ||     1
         Dart              |       |       |     1 ||     1
   Cast: Foxfire           |    46 |   116 |    15 ||   177
         Scorch            |       |       |     2 ||     2
    Use: Scroll            |       |     3 |     2 ||     5
         Potion            |       |     1 |       ||     1
   Stab: Sleeping          |     1 |       |       ||     1
 Armour: Robe              |    13 |    23 |     6 ||    42
  Dodge: Dodged            |    22 |    13 |     7 ||    42

Table legend: (Time is in decaauts)
 A = Elapsed time spent in this place.
 B = Non-inter-level travel time spent in this place.
 C = Inter-level travel time spent in this place.
 D = Time resting spent in this place.
 E = Time spent auto-exploring this place.
 F = Levels seen in this place.
 G = Mean time per level.
                   A        B        C        D        E       F      G
               +--------+--------+--------+--------+--------+-----+--------+
         Total |   4421 |   4258 |    163 |    181 |   2894 |   6 |  736.8 |
       Dungeon |   4388 |   4240 |    148 |    181 |   2894 |   5 |  877.6 |
        Temple |     32 |     17 |     15 |      0 |      0 |   1 |   32.0 |
               +--------+--------+--------+--------+--------+-----+--------+

Top non-repeatable levels by time:
     D:3: 1516 daAuts
     D:1: 1109 daAuts
     D:2: 940 daAuts
     D:4: 504 daAuts
     D:5: 316 daAuts
  Temple: 32 daAuts
